Royaux vs Remparts
Created - March 10, 2020 at 20:57
Goals
|
Royaux |
0 |
2 |
0 |
2 |
Remparts |
1 |
1 |
2 |
4 |
|
Shots
|
Royaux |
8 |
14 |
3 |
25 |
Remparts |
7 |
6 |
10 |
23 |
|
1st period
1. Remparts , Rickard Rakell 17 (Max Reinhart 53) at 17:08
Penalties :
No Penalty
2nd period
2. Royaux , Dylan Larkin 28 (Marcus Pettersson 13, Phil Oreskovic 11) at 11:00
3. Remparts , Sam Reinhart 19 (Nail Yakupov 21) at 18:16
4. Royaux , Teuvo Teravainen 8 (Ben Hanowski 27) at 18:59
Penalties :
Danny Kristo (Cap) for Roughing (Double Minor) at 0:22, Marcus Pettersson (Cap) for Tripping (Minor) at 8:36, Rickard Rakell (Que) for Roughing (Minor) at 8:42
3rd period
5. Remparts , Guillaume Desbiens 24 (Jonathan Matsumoto 9) at 2:11 (PP)
6. Remparts , Rickard Rakell 18 (Pontus Aberg 34, Max Reinhart 54) at 9:51 (PP)
Penalties :
Simon Despres (Cap) for Tripping (Minor) at 2:07, Teuvo Teravainen (Cap) for Tripping (Minor) at 9:38, Rickard Rakell (Que) for Hooking (Minor) at 10:06, Nathan Gerbe (Cap) for Roughing (Minor) at 15:16
Goalie Stats
Olivier Roy (Cap), 11 saves from 15 shots - (0.733), L, 23-12-1, 49:51 minutes
Igor Shesterkin (Cap), 8 saves from 8 shots - (1.000), 10:09 minutes
Igor Bobkov (Que), 23 saves from 25 shots - (0.920), W, 12-8-2, 60:00 minutes
Players Stats for Royaux
Player Name G A P +/- PIM S H SB GA TA FO MP PP MP PK MP
------------------------------------------------------------------------------------
Anton Slepyshev 0 0 0 -1 0 2 0 1 0 1 0/0 12:31 0:55 1:16
Ben Hanowski 0 1 1 1 0 2 0 0 0 0 0/0 17:38 0:55 0:57
Brandon Pirri 0 0 0 -1 0 0 1 1 0 0 0/0 12:59 0:00 1:45
Brendan Woods 0 0 0 -1 0 0 0 0 0 0 3/7 14:06 0:00 3:05
Danny Kristo 0 0 0 0 4 3 2 0 0 0 1/1 18:00 1:04 1:22
Dylan Larkin 1 0 1 1 0 3 1 0 0 0 10/15 17:30 1:01 0:00
Gord Baldwin 0 0 0 0 0 0 2 3 0 0 0/0 18:35 0:39 3:05
Haydn Fleury 0 0 0 1 0 0 1 4 0 1 0/0 23:27 0:06 3:04
Ian McCoshen 0 0 0 0 0 0 0 0 0 0 0/0 7:56 0:00 0:00
Marcus Pettersson 0 1 1 1 2 0 1 1 1 0 0/0 15:42 1:26 0:00
Marko Dano 0 0 0 0 0 1 1 0 1 0 1/3 19:13 1:04 1:23
Mirco Mueller 0 0 0 -1 0 0 0 0 0 0 0/0 10:42 0:00 2:47
Nathan Gerbe 0 0 0 1 2 1 1 0 0 0 5/13 15:53 0:00 1:11
Nicholas Baptiste 0 0 0 -1 0 1 1 0 0 0 0/0 8:04 0:00 0:00
Petter Granberg 0 0 0 -1 0 0 0 0 0 0 0/0 7:55 0:00 0:00
Phil Oreskovic 0 1 1 1 0 2 0 0 0 2 0/0 12:50 0:45 2:47
Rourke Chartier 0 0 0 -1 0 1 0 1 0 0 4/5 8:29 0:00 0:00
Simon Despres 0 0 0 0 2 2 1 0 2 0 0/0 23:16 1:20 0:59
Sonny Milano 0 0 0 -1 0 3 0 0 0 0 0/0 8:04 0:00 0:00
Teuvo Teravainen 1 0 1 2 2 4 3 1 0 0 0/1 18:51 1:10 1:43
Players Stats for Remparts
Player Name G A P +/- PIM S H SB GA TA FO MP PP MP PK MP
------------------------------------------------------------------------------------
Brendan Perlini 0 0 0 -1 0 1 1 0 0 1 1/1 15:12 2:20 0:00
Guillaume Desbiens 1 0 1 -1 0 2 2 0 0 0 0/0 15:38 2:30 0:00
Jake Virtanen 0 0 0 0 0 2 1 1 0 0 0/0 11:43 0:53 0:00
Jonathan Matsumoto 0 1 1 -1 0 3 2 0 1 1 5/6 16:18 2:31 0:52
Keaton Thompson 0 0 0 1 0 0 0 2 0 1 0/0 16:13 0:28 0:00
Matt Puempel 0 0 0 1 0 0 1 0 0 0 0/1 11:50 0:00 0:35
Max Reinhart 0 2 2 0 0 1 3 2 0 0 12/25 20:42 2:58 1:04
Michal Jordan 0 0 0 1 0 4 2 1 0 0 0/0 26:20 3:24 0:38
Mitchell Heard 0 0 0 0 0 1 0 1 0 0 0/4 11:08 0:21 0:44
Nail Yakupov 0 1 1 1 0 2 3 0 1 0 0/0 13:11 0:57 0:00
Nelson Nogier 0 0 0 0 0 0 0 1 0 0 0/0 8:08 0:28 0:00
Niklas Hansson 0 0 0 -2 0 1 0 0 0 0 0/0 21:58 2:29 1:17
Pontus Aberg 0 1 1 0 0 0 3 0 1 0 1/2 19:07 2:56 0:00
Rickard Rakell 2 0 2 0 4 4 3 1 1 0 1/3 19:09 2:52 0:00
Roberts Lipsbergs 0 0 0 0 0 0 0 0 0 0 0/0 12:44 0:44 0:55
Sam Reinhart 1 0 1 1 0 1 0 0 0 0 1/3 10:37 0:00 0:00
Viktor Baldayev 0 0 0 -1 0 1 2 1 0 0 0/0 20:44 2:29 1:12
William Colbert 0 0 0 1 0 0 1 1 0 1 0/0 25:18 3:24 1:03
3 Stars
1 - Rickard Rakell (Que)
2 - Max Reinhart (Que)
3 - Sam Reinhart (Que)
Power Play
Royaux - 0 on 2 Attempt(s) - 0.00%
Remparts - 2 on 6 Attempt(s) - 33.33%
Penalty Kill
Royaux - 4 on 6 Attempt(s) - 66.67%
- Score 0 goal in Penalty Kill
Remparts - 2 on 2 Attempt(s) - 100.00%
- Score 0 goal in Penalty Kill
Team Stat
Royaux - Hits : 15 - Faceoff Wins : 24 - Blocked Shots : 12 - Penalty Minutes : 12
Remparts - Hits : 24 - Faceoff Wins : 21 - Blocked Shots : 11 - Penalty Minutes : 4
Official
Referees : Unknown
Linesman : Unknown
Game Notes
Nelson Nogier is injured at 5:47 of 2nd period (Sprained Right Ankle)
Igor Shesterkin enters game at 9:51 of 3rd period
Finance
Level 1 -- Attendance: 1861 (93.05%) -- Ticket Income $55,830
Level 2 -- Attendance: 678 (67.80%) -- Ticket Income $13,560
Total Attendance: 2539 (84.63%)
Total Ticket Income: $69,390
Other Income: $3,470
Total Income: $72,860
Royaux
5 vs 5 Forward
Center Left Wing Right Wing Time % Phy DF OF
1 Dylan Larkin Marko Dano Danny Kristo 38 0 2 3
2 Nathan Gerbe Teuvo Teravainen Ben Hanowski 35 0 2 3
3 Brendan Woods Anton Slepyshev Brandon Pirri 17 0 2 3
4 Rourke Chartier Sonny Milano Nicholas Baptiste 10 0 2 3
5 vs 5 Defense
Defense Defense Time % Phy DF OF
1 Simon Despres Haydn Fleury 40 0 3 2
2 Marcus Pettersson Gord Baldwin 30 0 3 2
3 Petter Granberg Mirco Mueller 15 0 3 2
4 Phil Oreskovic Ian McCoshen 15 0 3 2
PowerPlay Forward
Center Left Wing Right Wing Time % Phy DF OF
1 Marko Dano Teuvo Teravainen Danny Kristo 60 0 1 4
2 Dylan Larkin Anton Slepyshev Ben Hanowski 40 0 1 4
PowerPlay Defense
Defense Defense Time % Phy DF OF
1 Simon Despres Marcus Pettersson 60 0 2 3
2 Phil Oreskovic Gord Baldwin 40 0 2 3
Penalty Kill 4 Players Forward
Center Wing Time % Phy DF OF
1 Brendan Woods Danny Kristo 60 0 4 1
2 Marko Dano Ben Hanowski 40 0 4 1
Penalty Kill 4 Players Defense
Defense Defense Time % Phy DF OF
1 Gord Baldwin Haydn Fleury 60 1 2 2
2 Phil Oreskovic Mirco Mueller 40 1 2 2
Penalty Kill - 3 Players Forward
Forward Time % Phy DF OF
1 Brendan Woods 60 0 4 1
2 Danny Kristo 40 0 4 1
Penalty Kill - 3 Players Defense
Defense Defense Time % Phy DF OF
1 Gord Baldwin Haydn Fleury 60 1 2 2
2 Phil Oreskovic Mirco Mueller 40 1 2 2
4 vs 4 Forward
Center Wing Time % Phy DF OF
1 Marko Dano Ben Hanowski 60 0 2 3
2 Dylan Larkin Teuvo Teravainen 40 0 2 3
4 vs 4 Defense
Defense Defense Time % Phy DF OF
1 Gord Baldwin Simon Despres 60 0 3 2
2 Marcus Pettersson Phil Oreskovic 40 0 3 2
Last Minutes Offensive
Center Left Wing Right Wing Defense Defense
Marko Dano Teuvo Teravainen Ben Hanowski Marcus Pettersson Simon Despres
Last Minutes Defensive
Center Left Wing Right Wing Defense Defense
Marko Dano Brendan Woods Danny Kristo Haydn Fleury Phil Oreskovic
Goaltenders
Starting : Olivier Roy
Backup : Igor Shesterkin
Extra Forwards
Normal : Marko Dano, Dylan Larkin, Nathan Gerbe - PP : Nathan Gerbe, Brandon Pirri - PK : Brandon Pirri
Extra Defensemen
Normal : Simon Despres, Marcus Pettersson, Haydn Fleury - PP : Haydn Fleury - PK : Simon Despres, Marcus Pettersson
Penalty Shots
Dylan Larkin, Nathan Gerbe, Rourke Chartier, Sonny Milano, Marko Dano
Scratches
Tobias Rieder (Right Foot Injury), Vladislav Namestnikov (Healthy), Garrett Wilson (Healthy), Tanner Kero (Healthy), Greg McKegg (Healthy)
Konrad Abeltshauser (Healthy), Tomas Hyka (Healthy), Michael Bunting (Healthy), Ryan Mantha (Healthy), Jack Ramsey (Healthy)
Marcus Hogberg (Healthy), Hayden Hawkey (Healthy)
Remparts
5 vs 5 Forward
Center Left Wing Right Wing Time % Phy DF OF
1 Max Reinhart Pontus Aberg Rickard Rakell 40 1 2 2
2 Jonathan Matsumoto Brendan Perlini Guillaume Desbiens 30 1 2 2
3 Sam Reinhart Matt Puempel Nail Yakupov 20 1 2 2
4 Mitchell Heard Roberts Lipsbergs Jake Virtanen 10 1 2 2
5 vs 5 Defense
Defense Defense Time % Phy DF OF
1 William Colbert Michal Jordan 40 1 2 2
2 Niklas Hansson Viktor Baldayev 30 1 2 2
3 Keaton Thompson Nelson Nogier 20 1 2 2
4 William Colbert Michal Jordan 10 1 2 2
PowerPlay Forward
Center Left Wing Right Wing Time % Phy DF OF
1 Max Reinhart Pontus Aberg Rickard Rakell 60 1 2 2
2 Jonathan Matsumoto Brendan Perlini Guillaume Desbiens 40 1 2 2
PowerPlay Defense
Defense Defense Time % Phy DF OF
1 William Colbert Michal Jordan 60 1 2 2
2 Niklas Hansson Viktor Baldayev 40 1 2 2
Penalty Kill 4 Players Forward
Center Wing Time % Phy DF OF
1 Max Reinhart Rickard Rakell 60 1 2 2
2 Jonathan Matsumoto Guillaume Desbiens 40 1 2 2
Penalty Kill 4 Players Defense
Defense Defense Time % Phy DF OF
1 Niklas Hansson William Colbert 60 1 2 2
2 Michal Jordan Viktor Baldayev 40 1 2 2
Penalty Kill - 3 Players Forward
Forward Time % Phy DF OF
1 Max Reinhart 60 1 2 2
2 Rickard Rakell 40 1 2 2
Penalty Kill - 3 Players Defense
Defense Defense Time % Phy DF OF
1 Niklas Hansson William Colbert 60 1 2 2
2 Michal Jordan Viktor Baldayev 40 1 2 2
4 vs 4 Forward
Center Wing Time % Phy DF OF
1 Max Reinhart Rickard Rakell 60 1 2 2
2 Jonathan Matsumoto Pontus Aberg 40 1 2 2
4 vs 4 Defense
Defense Defense Time % Phy DF OF
1 William Colbert Michal Jordan 60 1 2 2
2 Niklas Hansson Viktor Baldayev 40 1 2 2
Last Minutes Offensive
Center Left Wing Right Wing Defense Defense
Max Reinhart Pontus Aberg Rickard Rakell William Colbert Michal Jordan
Last Minutes Defensive
Center Left Wing Right Wing Defense Defense
Max Reinhart Pontus Aberg Rickard Rakell William Colbert Niklas Hansson
Goaltenders
Starting : Igor Bobkov
Backup : Garret Sparks
Extra Forwards
Normal : Jake Virtanen, Pontus Aberg, Max Reinhart - PP : Jake Virtanen, Max Reinhart - PK : Jonathan Matsumoto
Extra Defensemen
Normal : Niklas Hansson, William Colbert, Michal Jordan - PP : Keaton Thompson - PK : Michal Jordan, Niklas Hansson
Penalty Shots
Jonathan Matsumoto, Pontus Aberg, Max Reinhart, Brendan Perlini, Nail Yakupov
Scratches
Juuso Ikonen (Healthy), Michael Downing (Healthy), Colin Smith (Healthy), Kyle Platzer (Healthy), Connor Honey (Healthy)
Anton Zlobin (Healthy), Cédric Lalonde-McNicoll (Sprained Left Ankle Injury), Tim Bozon (Healthy), Marek Langhamer (Healthy)
% Time on Ice - Royaux
Lines # - Real PCT - Wanted PCT - Time Play
Normal Forward
1 - 34% - 38% - 16:40
2 - 30% - 35% - 14:43
3 - 21% - 17% - 10:14
4 - 16% - 10% - 8:04
Normal Defense
1 - 40% - 40% - 19:47
2 - 28% - 30% - 14:03
3 - 16% - 15% - 7:55
4 - 16% - 15% - 7:56
PP Forward
1 - 51% - 60% - 1:04
2 - 49% - 40% - 1:01
PP Defense
1 - 64% - 60% - 1:20
2 - 36% - 40% - 0:45
PK Forward
1 - 85% - 60% - 5:24
2 - 15% - 40% - 0:57
PK Defense
1 - 56% - 60% - 3:34
2 - 44% - 40% - 2:47
PK3 Forward
1 - 0% - 60%
2 - 0% - 40%
PK3 Defense
1 - 0% - 60%
2 - 0% - 40%
44 Forward
1 - 68% - 60% - 1:17
2 - 32% - 40% - 0:36
44 Defense
1 - 35% - 60% - 0:39
2 - 65% - 40% - 1:14
Last Minute Offensive - 0:00
Last Minute Defensive - 0:00
Total
Forward - 60:00
Defense - 60:00
|
% Time on Ice - Remparts
Lines # - Real PCT - Wanted PCT - Time Play
Normal Forward
1 - 33% - 40% - 16:23
2 - 28% - 30% - 13:52
3 - 21% - 20% - 10:37
4 - 18% - 10% - 8:49
Normal Defense
1 - 36% - 40% - 17:59
2 - 28% - 30% - 14:03
3 - 33% - 20% - 16:36
4 - 2% - 10% - 1:03
PP Forward
1 - 58% - 60% - 3:40
2 - 42% - 40% - 2:41
PP Defense
1 - 61% - 60% - 3:52
2 - 39% - 40% - 2:29
PK Forward
1 - 100% - 60% - 2:05
2 - 0% - 40% - 0:00
PK Defense
1 - 65% - 60% - 1:21
2 - 35% - 40% - 0:44
PK3 Forward
1 - 0% - 60%
2 - 0% - 40%
PK3 Defense
1 - 0% - 60%
2 - 0% - 40%
44 Forward
1 - 100% - 60% - 1:53
2 - 0% - 40% - 0:00
44 Defense
1 - 55% - 60% - 1:02
2 - 45% - 40% - 0:51
Last Minute Offensive - 0:00
Last Minute Defensive - 0:00
Total
Forward - 60:00
Defense - 60:00
|
Play-by-Play
1st period
0:01 of 1st period - Dylan Larkin wins face-off versus Pontus Aberg in neutral zone.
0:26 of 1st period - Simon Despres is hit by Guillaume Desbiens and loses puck.
0:33 of 1st period - Haydn Fleury is hit by Jonathan Matsumoto and loses puck.
1:18 of 1st period - Slapshot by William Colbert.
1:18 of 1st period - Shot Misses the Net.
1:48 of 1st period - Dylan Larkin is hit by Guillaume Desbiens and loses puck.
2:35 of 1st period - Wrist shot by Nathan Gerbe.
2:35 of 1st period - Shot Misses the Net.
2:49 of 1st period - Snap shot by Rourke Chartier.
2:49 of 1st period - Stopped by Igor Bobkov with a rebound.
2:57 of 1st period - Snap shot by Mitchell Heard.
2:57 of 1st period - Shot Blocked by Haydn Fleury.
2:59 of 1st period - Wrist shot by Mitchell Heard.
2:59 of 1st period - Shot Misses the Net.
3:01 of 1st period - Slapshot by Keaton Thompson.
3:01 of 1st period - Shot Blocked by Rourke Chartier.
3:03 of 1st period - Snap shot by Jake Virtanen.
3:03 of 1st period - Shot Misses the Net.
3:13 of 1st period - Snap shot by Mitchell Heard.
3:13 of 1st period - Stopped by Olivier Roy with a rebound.
3:15 of 1st period - Wrist shot by Jake Virtanen.
3:15 of 1st period - Stopped by Olivier Roy without a rebound.
3:16 of 1st period - Max Reinhart wins face-off versus Nathan Gerbe in Royaux zone.
3:43 of 1st period - Snap shot by Anton Slepyshev.
3:43 of 1st period - Stopped by Igor Bobkov with a rebound.
3:51 of 1st period - Snap shot by Brandon Pirri.
3:51 of 1st period - Shot Misses the Net.
4:23 of 1st period - Nicholas Baptiste is hit by Max Reinhart and loses puck.
4:40 of 1st period - Michal Jordan is hit by Nathan Gerbe and loses puck.
5:11 of 1st period - Snap shot by Max Reinhart.
5:11 of 1st period - Shot Misses the Net.
5:53 of 1st period - Wrist shot by Nathan Gerbe.
5:53 of 1st period - Shot Misses the Net.
6:05 of 1st period - Wrist shot by Guillaume Desbiens.
6:05 of 1st period - Shot Misses the Net.
6:13 of 1st period - Jonathan Matsumoto is hit by Danny Kristo and loses puck.
6:42 of 1st period - Niklas Hansson is hit by Nicholas Baptiste and loses puck.
6:59 of 1st period - Slapshot by Michal Jordan.
6:59 of 1st period - Stopped by Olivier Roy with a rebound.
7:03 of 1st period - Slapshot by William Colbert.
7:03 of 1st period - Shot Misses the Net.
7:59 of 1st period - Wrist shot by Sonny Milano.
7:59 of 1st period - Shot Misses the Net.
8:01 of 1st period - Snap shot by Nicholas Baptiste.
8:01 of 1st period - Shot Blocked by Max Reinhart.
8:03 of 1st period - Snap shot by Sonny Milano.
8:03 of 1st period - Stopped by Igor Bobkov with a rebound.
8:05 of 1st period - Wrist shot by Nicholas Baptiste.
8:05 of 1st period - Shot Blocked by William Colbert.
8:07 of 1st period - Wrist shot by Gord Baldwin.
8:07 of 1st period - Shot Misses the Net.
8:25 of 1st period - Slapshot by Jonathan Matsumoto.
8:25 of 1st period - Shot Blocked by Teuvo Teravainen.
8:44 of 1st period - Snap shot by Nail Yakupov.
8:44 of 1st period - Stopped by Olivier Roy with a rebound.
10:35 of 1st period - Snap shot by Sonny Milano.
10:35 of 1st period - Shot Blocked by Mitchell Heard.
10:49 of 1st period - Snap shot by Nathan Gerbe.
10:49 of 1st period - Stopped by Igor Bobkov with a rebound.
10:59 of 1st period - Slapshot by Pontus Aberg.
10:59 of 1st period - Shot Misses the Net.
11:09 of 1st period - Nelson Nogier is hit by Marko Dano and loses puck.
11:16 of 1st period - Marko Dano is hit by Nail Yakupov and loses puck.
11:37 of 1st period - Icing by Rickard Rakell.
11:38 of 1st period - Jonathan Matsumoto wins face-off versus Nathan Gerbe in Remparts zone.
11:45 of 1st period - Wrist shot by Ben Hanowski.
11:45 of 1st period - Shot Misses the Net.
11:47 of 1st period - Snap shot by Ben Hanowski.
11:47 of 1st period - Stopped by Igor Bobkov without a rebound.
11:48 of 1st period - Jonathan Matsumoto wins face-off versus Nathan Gerbe in Remparts zone.
12:58 of 1st period - Wrist shot by Brendan Woods.
12:58 of 1st period - Deflect By Anton Slepyshev.
12:58 of 1st period - Shot Blocked by Rickard Rakell.
12:58 of 1st period - Puck is out of play.
12:59 of 1st period - Max Reinhart wins face-off versus Brendan Woods in Remparts zone.
12:59 of 1st period - Max Reinhart is hit by Marcus Pettersson.
13:11 of 1st period - Brandon Pirri is hit by William Colbert.
14:10 of 1st period - Snap shot by Anton Slepyshev.
14:10 of 1st period - Stopped by Igor Bobkov without a rebound.
14:11 of 1st period - Max Reinhart wins face-off versus Nathan Gerbe in Remparts zone.
14:18 of 1st period - Snap shot by Rickard Rakell.
14:18 of 1st period - Stopped by Olivier Roy with a rebound.
14:36 of 1st period - Marko Dano is hit by Matt Puempel and loses puck.
17:08 of 1st period - Wrist shot by Rickard Rakell.
17:08 of 1st period - Goal by Rickard Rakell - Royaux : 0 - Remparts : 1.
17:09 of 1st period - Max Reinhart wins face-off versus Nathan Gerbe in neutral zone.
17:36 of 1st period - Haydn Fleury is hit by Jonathan Matsumoto and loses puck.
17:43 of 1st period - Wrist shot by Guillaume Desbiens.
17:43 of 1st period - Shot Misses the Net.
17:45 of 1st period - Slapshot by Viktor Baldayev.
17:45 of 1st period - Shot Blocked by Haydn Fleury.
18:19 of 1st period - Viktor Baldayev is hit by Gord Baldwin and loses puck.
19:10 of 1st period - Snap shot by Dylan Larkin.
19:10 of 1st period - Shot Misses the Net.
19:15 of 1st period - Off-side.
19:16 of 1st period - Jonathan Matsumoto wins face-off versus Nathan Gerbe in neutral zone.
19:27 of 1st period - Wrist shot by Jonathan Matsumoto.
19:27 of 1st period - Stopped by Olivier Roy without a rebound.
19:28 of 1st period - Brendan Perlini wins face-off versus Dylan Larkin in Royaux zone.
19:37 of 1st period - Snap shot by Dylan Larkin.
19:37 of 1st period - Stopped by Igor Bobkov with a rebound.
19:39 of 1st period - Slapshot by Simon Despres.
19:39 of 1st period - Deflect By Brendan Perlini.
19:39 of 1st period - Stopped by Igor Bobkov with a rebound.
19:55 of 1st period - Max Reinhart is hit by Teuvo Teravainen.
Goals for this period are 0 for Royaux vs 1 for Remparts.
Shots for this period are 8 for Royaux vs 7 for Remparts.
2nd period
0:01 of 2nd period - Dylan Larkin wins face-off versus Max Reinhart in neutral zone.
0:22 of 2nd period - Double Minor Penalty to Danny Kristo for Roughing.
0:23 of 2nd period - Brendan Woods wins face-off versus Rickard Rakell in Royaux zone.
0:34 of 2nd period - Slapshot by Rickard Rakell.
0:34 of 2nd period - Deflect By Brendan Woods.
0:34 of 2nd period - Stopped by Olivier Roy with a rebound.
2:03 of 2nd period - Brendan Perlini is hit by Haydn Fleury and loses puck.
2:27 of 2nd period - Gord Baldwin is hit by Jake Virtanen and loses puck.
3:27 of 2nd period - Mirco Mueller is hit by Nail Yakupov and loses puck.
4:22 of 2nd period - Penalty to Danny Kristo is over, Danny Kristo is back on ice.
4:33 of 2nd period - Mitchell Heard is hit by Teuvo Teravainen and loses puck.
4:38 of 2nd period - Snap shot by Danny Kristo.
4:38 of 2nd period - Stopped by Igor Bobkov with a rebound.
4:43 of 2nd period - Icing by Nail Yakupov.
4:44 of 2nd period - Rourke Chartier wins face-off versus Mitchell Heard in Remparts zone.
4:45 of 2nd period - Snap shot by Sonny Milano.
4:45 of 2nd period - Stopped by Igor Bobkov without a rebound.
4:46 of 2nd period - Pontus Aberg wins face-off versus Rourke Chartier in Remparts zone.
5:45 of 2nd period - Slapshot by Simon Despres.
5:45 of 2nd period - Stopped by Igor Bobkov with a rebound.
5:47 of 2nd period - Slapshot by Simon Despres.
5:47 of 2nd period - Shot Blocked by Nelson Nogier.
5:47 of 2nd period - Nelson Nogier from Remparts is injured at 5:47 of 2nd period (Sprained Right Ankle).
5:48 of 2nd period - Max Reinhart wins face-off versus Teuvo Teravainen in Remparts zone.
6:45 of 2nd period - Slapshot by Michal Jordan.
6:45 of 2nd period - Shot Blocked by Gord Baldwin.
6:55 of 2nd period - Snap shot by Jake Virtanen.
6:55 of 2nd period - Stopped by Olivier Roy without a rebound.
6:56 of 2nd period - Rourke Chartier wins face-off versus Mitchell Heard in Royaux zone.
7:09 of 2nd period - Snap shot by Sonny Milano.
7:09 of 2nd period - Stopped by Igor Bobkov with a rebound.
7:11 of 2nd period - Slapshot by Phil Oreskovic.
7:11 of 2nd period - Stopped by Igor Bobkov without a rebound.
7:12 of 2nd period - Nathan Gerbe wins face-off versus Max Reinhart in Remparts zone.
7:13 of 2nd period - Snap shot by Teuvo Teravainen.
7:13 of 2nd period - Stopped by Igor Bobkov without a rebound.
7:14 of 2nd period - Max Reinhart wins face-off versus Nathan Gerbe in Remparts zone.
8:25 of 2nd period - Snap shot by Anton Slepyshev.
8:25 of 2nd period - Deflect By Brendan Woods.
8:25 of 2nd period - Shot Misses the Net.
8:25 of 2nd period - Puck is out of play.
8:26 of 2nd period - Nathan Gerbe wins face-off versus Mitchell Heard in Remparts zone.
8:29 of 2nd period - Backhand shot by Nathan Gerbe.
8:29 of 2nd period - Shot Blocked by Viktor Baldayev.
8:31 of 2nd period - Slapshot by Gord Baldwin.
8:31 of 2nd period - Shot Blocked by Jake Virtanen.
8:33 of 2nd period - Snap shot by Ben Hanowski.
8:33 of 2nd period - Shot Blocked by Keaton Thompson.
8:35 of 2nd period - Wrist shot by Ben Hanowski.
8:35 of 2nd period - Stopped by Igor Bobkov without a rebound.
8:36 of 2nd period - Nathan Gerbe wins face-off versus Max Reinhart in Remparts zone.
8:36 of 2nd period - Minor Penalty to Marcus Pettersson for Tripping.
8:37 of 2nd period - Brendan Woods wins face-off versus Max Reinhart in Royaux zone.
8:42 of 2nd period - Minor Penalty to Rickard Rakell for Roughing.
8:43 of 2nd period - Max Reinhart wins face-off versus Marko Dano in Remparts zone.
9:30 of 2nd period - Slapshot by Michal Jordan.
9:30 of 2nd period - Shot Misses the Net.
9:32 of 2nd period - Wrist shot by Roberts Lipsbergs.
9:32 of 2nd period - Shot Misses the Net.
9:34 of 2nd period - Slapshot by William Colbert.
9:34 of 2nd period - Deflect By Roberts Lipsbergs.
9:34 of 2nd period - Shot Blocked by Haydn Fleury.
9:34 of 2nd period - Puck is out of play.
9:35 of 2nd period - Max Reinhart wins face-off versus Marko Dano in Royaux zone.
9:54 of 2nd period - Jake Virtanen is hit by Simon Despres and loses puck.
10:01 of 2nd period - Slapshot by Dylan Larkin.
10:01 of 2nd period - Shot Blocked by Michal Jordan.
10:23 of 2nd period - Wrist shot by Pontus Aberg.
10:23 of 2nd period - Shot Blocked by Haydn Fleury.
10:35 of 2nd period - Roberts Lipsbergs is hit by Teuvo Teravainen and loses puck.
10:36 of 2nd period - Penalty to Marcus Pettersson is over, Marcus Pettersson is back on ice.
10:42 of 2nd period - Penalty to Rickard Rakell is over, Rickard Rakell is back on ice.
10:50 of 2nd period - Slapshot by Dylan Larkin.
10:50 of 2nd period - Shot Misses the Net.
10:56 of 2nd period - Wrist shot by Dylan Larkin.
10:56 of 2nd period - Shot Misses the Net.
10:58 of 2nd period - Snap shot by Dylan Larkin.
10:58 of 2nd period - Stopped by Igor Bobkov with a rebound.
11:00 of 2nd period - Slapshot by Dylan Larkin.
11:00 of 2nd period - Goal by Dylan Larkin - Royaux : 1 - Remparts : 1.
11:01 of 2nd period - Max Reinhart wins face-off versus Brendan Woods in neutral zone.
11:10 of 2nd period - Snap shot by Rickard Rakell.
11:10 of 2nd period - Shot Misses the Net.
12:47 of 2nd period - Slapshot by Teuvo Teravainen.
12:47 of 2nd period - Shot Misses the Net.
13:16 of 2nd period - Snap shot by Danny Kristo.
13:16 of 2nd period - Deflect By Nail Yakupov.
13:16 of 2nd period - Stopped by Igor Bobkov without a rebound.
13:17 of 2nd period - Nathan Gerbe wins face-off versus Rickard Rakell in Remparts zone.
13:33 of 2nd period - Teuvo Teravainen is hit by Max Reinhart and loses puck.
13:44 of 2nd period - Dylan Larkin is hit by Brendan Perlini and loses puck.
15:05 of 2nd period - Slapshot by Danny Kristo.
15:05 of 2nd period - Stopped by Igor Bobkov with a rebound.
15:07 of 2nd period - Snap shot by Danny Kristo.
15:07 of 2nd period - Shot Misses the Net.
15:27 of 2nd period - Snap shot by Nail Yakupov.
15:27 of 2nd period - Shot Misses the Net.
16:07 of 2nd period - Snap shot by Dylan Larkin.
16:07 of 2nd period - Shot Misses the Net.
16:28 of 2nd period - Off-side.
16:29 of 2nd period - Max Reinhart wins face-off versus Nathan Gerbe in neutral zone.
16:45 of 2nd period - Teuvo Teravainen is hit by Pontus Aberg and loses puck.
17:05 of 2nd period - Snap shot by Jonathan Matsumoto.
17:05 of 2nd period - Shot Blocked by Gord Baldwin.
17:07 of 2nd period - Snap shot by Guillaume Desbiens.
17:07 of 2nd period - Shot Blocked by Gord Baldwin.
17:09 of 2nd period - Snap shot by Brendan Perlini.
17:09 of 2nd period - Shot Misses the Net.
17:11 of 2nd period - Slapshot by Michal Jordan.
17:11 of 2nd period - Deflect By Marcus Pettersson.
17:11 of 2nd period - Stopped by Olivier Roy with a rebound.
17:13 of 2nd period - Wrist shot by Jonathan Matsumoto.
17:13 of 2nd period - Stopped by Olivier Roy with a rebound.
17:23 of 2nd period - Niklas Hansson is hit by Gord Baldwin and loses puck.
17:29 of 2nd period - Icing by Nail Yakupov.
17:30 of 2nd period - Brendan Woods wins face-off versus Sam Reinhart in Remparts zone.
17:41 of 2nd period - Brandon Pirri is hit by Viktor Baldayev and loses puck.
18:14 of 2nd period - Snap shot by Nail Yakupov.
18:14 of 2nd period - Stopped by Olivier Roy with a rebound.
18:16 of 2nd period - Wrist shot by Sam Reinhart.
18:16 of 2nd period - Goal by Sam Reinhart - Royaux : 1 - Remparts : 2.
18:17 of 2nd period - Dylan Larkin wins face-off versus Max Reinhart in neutral zone.
18:42 of 2nd period - Teuvo Teravainen is hit by Michal Jordan and loses puck.
18:49 of 2nd period - Slapshot by Phil Oreskovic.
18:49 of 2nd period - Stopped by Igor Bobkov without a rebound.
18:50 of 2nd period - Nathan Gerbe wins face-off versus Max Reinhart in Remparts zone.
18:57 of 2nd period - Wrist shot by Teuvo Teravainen.
18:57 of 2nd period - Deflect By Pontus Aberg.
18:57 of 2nd period - Stopped by Igor Bobkov with a rebound.
18:59 of 2nd period - Wrist shot by Teuvo Teravainen.
18:59 of 2nd period - Goal by Teuvo Teravainen - Royaux : 2 - Remparts : 2.
19:00 of 2nd period - Rickard Rakell wins face-off versus Dylan Larkin in neutral zone.
19:54 of 2nd period - Wrist shot by Sam Reinhart.
19:54 of 2nd period - Shot Misses the Net.
Goals for this period are 2 for Royaux vs 1 for Remparts.
Shots for this period are 14 for Royaux vs 6 for Remparts.
3rd period
0:01 of 3rd period - Dylan Larkin wins face-off versus Max Reinhart in neutral zone.
0:34 of 3rd period - Gord Baldwin is hit by Michal Jordan and loses puck.
1:17 of 3rd period - Snap shot by Mitchell Heard.
1:17 of 3rd period - Shot Blocked by Marcus Pettersson.
2:05 of 3rd period - Snap shot by Max Reinhart.
2:05 of 3rd period - Shot Blocked by Anton Slepyshev.
2:07 of 3rd period - Minor Penalty to Simon Despres for Tripping.
2:08 of 3rd period - Jonathan Matsumoto wins face-off versus Brendan Woods in Royaux zone.
2:11 of 3rd period - Wrist shot by Guillaume Desbiens.
2:11 of 3rd period - Goal by Guillaume Desbiens - Royaux : 2 - Remparts : 3.
2:12 of 3rd period - Max Reinhart wins face-off versus Dylan Larkin in neutral zone.
2:41 of 3rd period - Slapshot by Teuvo Teravainen.
2:41 of 3rd period - Stopped by Igor Bobkov with a rebound.
3:01 of 3rd period - Icing by Nail Yakupov.
3:02 of 3rd period - Rourke Chartier wins face-off versus Matt Puempel in Remparts zone.
3:07 of 3rd period - Slapshot by Nicholas Baptiste.
3:07 of 3rd period - Deflect By Sonny Milano.
3:07 of 3rd period - Shot Misses the Net.
3:07 of 3rd period - Puck is out of play.
3:08 of 3rd period - Dylan Larkin wins face-off versus Max Reinhart in Remparts zone.
3:27 of 3rd period - Keaton Thompson is hit by Dylan Larkin.
3:43 of 3rd period - Wrist shot by Teuvo Teravainen.
3:43 of 3rd period - Shot Misses the Net.
4:42 of 3rd period - Snap shot by Dylan Larkin.
4:42 of 3rd period - Shot Blocked by Max Reinhart.
4:44 of 3rd period - Slapshot by Marko Dano.
4:44 of 3rd period - Stopped by Igor Bobkov with a rebound.
6:23 of 3rd period - Wrist shot by Teuvo Teravainen.
6:23 of 3rd period - Shot Blocked by Keaton Thompson.
6:39 of 3rd period - Slapshot by Sam Reinhart.
6:39 of 3rd period - Shot Misses the Net.
6:41 of 3rd period - Slapshot by Keaton Thompson.
6:41 of 3rd period - Deflect By Nail Yakupov.
6:41 of 3rd period - Shot Blocked by Brandon Pirri.
6:41 of 3rd period - Puck is out of play.
6:42 of 3rd period - Dylan Larkin wins face-off versus Max Reinhart in Royaux zone.
6:47 of 3rd period - Petter Granberg is hit by Viktor Baldayev and loses puck.
6:56 of 3rd period - Danny Kristo is hit by Max Reinhart and loses puck.
7:23 of 3rd period - Icing by Keaton Thompson.
7:24 of 3rd period - Sam Reinhart wins face-off versus Dylan Larkin in Remparts zone.
7:24 of 3rd period - Sam Reinhart is hit by Danny Kristo.
7:30 of 3rd period - Dylan Larkin is hit by Nail Yakupov and loses puck.
7:49 of 3rd period - Ben Hanowski is hit by Pontus Aberg and loses puck.
9:32 of 3rd period - Marcus Pettersson is hit by Pontus Aberg and loses puck.
9:38 of 3rd period - Minor Penalty to Teuvo Teravainen for Tripping.
9:39 of 3rd period - Max Reinhart wins face-off versus Brendan Woods in Royaux zone.
9:51 of 3rd period - Slapshot by Rickard Rakell.
9:51 of 3rd period - Goal by Rickard Rakell - Royaux : 2 - Remparts : 4.
9:51 of 3rd period - Igor Shesterkin enters game.
9:52 of 3rd period - Dylan Larkin wins face-off versus Max Reinhart in neutral zone.
10:06 of 3rd period - Minor Penalty to Rickard Rakell for Hooking.
10:07 of 3rd period - Marko Dano wins face-off versus Max Reinhart in Remparts zone.
10:39 of 3rd period - Wrist shot by Simon Despres.
10:39 of 3rd period - Shot Misses the Net.
12:06 of 3rd period - Penalty to Rickard Rakell is over, Rickard Rakell is back on ice.
12:08 of 3rd period - Icing by Jonathan Matsumoto.
12:09 of 3rd period - Dylan Larkin wins face-off versus Jonathan Matsumoto in Remparts zone.
12:21 of 3rd period - Off-side.
12:22 of 3rd period - Rourke Chartier wins face-off versus Sam Reinhart in neutral zone.
12:56 of 3rd period - Slapshot by Nicholas Baptiste.
12:56 of 3rd period - Stopped by Igor Bobkov without a rebound.
12:57 of 3rd period - Dylan Larkin wins face-off versus Max Reinhart in Remparts zone.
13:45 of 3rd period - Snap shot by Brandon Pirri.
13:45 of 3rd period - Deflect By Brendan Woods.
13:45 of 3rd period - Shot Misses the Net.
13:45 of 3rd period - Puck is out of play.
13:46 of 3rd period - Dylan Larkin wins face-off versus Mitchell Heard in Remparts zone.
13:57 of 3rd period - Slapshot by Jake Virtanen.
13:57 of 3rd period - Shot Misses the Net.
14:22 of 3rd period - Slapshot by Max Reinhart.
14:22 of 3rd period - Stopped by Igor Shesterkin with a rebound.
14:24 of 3rd period - Wrist shot by Viktor Baldayev.
14:24 of 3rd period - Stopped by Igor Shesterkin with a rebound.
14:26 of 3rd period - Wrist shot by Niklas Hansson.
14:26 of 3rd period - Stopped by Igor Shesterkin without a rebound.
14:27 of 3rd period - Jonathan Matsumoto wins face-off versus Dylan Larkin in Royaux zone.
14:28 of 3rd period - Snap shot by Guillaume Desbiens.
14:28 of 3rd period - Stopped by Igor Shesterkin with a rebound.
14:30 of 3rd period - Snap shot by Michal Jordan.
14:30 of 3rd period - Stopped by Igor Shesterkin with a rebound.
14:36 of 3rd period - Snap shot by Jonathan Matsumoto.
14:36 of 3rd period - Stopped by Igor Shesterkin with a rebound.
14:38 of 3rd period - Snap shot by Brendan Perlini.
14:38 of 3rd period - Stopped by Igor Shesterkin with a rebound.
14:40 of 3rd period - Slapshot by Michal Jordan.
14:40 of 3rd period - Stopped by Igor Shesterkin with a rebound.
14:42 of 3rd period - Slapshot by Brendan Perlini.
14:42 of 3rd period - Shot Misses the Net.
14:52 of 3rd period - Simon Despres is hit by Rickard Rakell and loses puck.
15:16 of 3rd period - Minor Penalty to Nathan Gerbe for Roughing.
15:17 of 3rd period - Danny Kristo wins face-off versus Max Reinhart in Royaux zone.
15:27 of 3rd period - Slapshot by Danny Kristo.
15:27 of 3rd period - Shot Misses the Net.
15:33 of 3rd period - Phil Oreskovic is hit by Rickard Rakell and loses puck.
17:16 of 3rd period - Penalty to Nathan Gerbe is over, Nathan Gerbe is back on ice.
17:28 of 3rd period - Michal Jordan is hit by Brandon Pirri and loses puck.
19:09 of 3rd period - Marko Dano is hit by Rickard Rakell.
Goals for this period are 0 for Royaux vs 2 for Remparts.
Shots for this period are 3 for Royaux vs 10 for Remparts.
Back to the Top